 Dungeon Crawl Stone Soup version 0.18-a0-1774-gce1f7b6 (webtiles) character file.

102 M4edhros the Poker (level 4, -7/35 HPs)
             Began as a Mummy Chaos Knight on Apr 15, 2016.
             Mangled by an ancient zyme (9 damage)
             ... on level 1 of the Abyss.
             The game lasted 00:04:11 (10517 turns).

M4edhros the Poker (Mummy Chaos Knight)            Turns: 10517, Time: 00:04:12

Health: -7/35      AC:  5    Str: 15    XL:     4   Next: 49%
Magic:  4/4        EV: 11    Int: 11    God:    Xom [..*...]
Gold:   229        SH:  0    Dex: 12    Spells: 0 memorised, 3 levels left

rFire  x . .     SeeInvis .     a - +0 spear (chaos)
rCold  + . .     Gourm    .     b - +2 leather armour
rNeg   + + +     Faith    .     (no shield)
rPois  ∞         Spirit   .     (no helmet)
rElec  .         Dismiss  .     (no cloak)
rCorr  .         Reflect  .     (no gloves)
SustAt .         Harm     .     (no boots)
MR     .....                    (no amulet)
Stlth  +.........               (no ring)
                                (no ring)

@: not resistant to hostile enchantments, very unstealthy
A: no food or potions, fire vulnerability, cold resistance 1, negative energy
resistance 3, torment resistance, unbreathing
a: Renounce Religion


You were on level 1 of the Abyss.
You worshipped Xom.
You were a toy of Xom.
You were not hungry.

You visited 1 branch of the dungeon, and saw 2 of its levels.
You visited the Abyss 1 time.

You collected 229 gold pieces.

Inventory:

Hand Weapons
 a - a +0 spear of chaos (weapon)
Missiles
 e - 84 stones (quivered)
Armour
 b - a +2 leather armour (worn)
Scrolls
 d - a scroll of immolation


   Skills:
 - Level 3.0 Fighting
 + Level 4.4 Polearms
 - Level 1.5 Armour
 - Level 0.7 Dodging


You had 3 spell levels left.
You didn't know any spells.

Dungeon Overview and Level Annotations

Branches:
Dungeon (2/15)

Altars:
Xom


Innate Abilities, Weirdness & Mutations

You do not eat or drink.
Your flesh is vulnerable to fire.
You are immune to poison.
Your flesh is cold resistant.
You are immune to negative energy.
You are immune to unholy pain and torment.
You can survive without breathing.


Message History

You hit the ancient zyme but do no damage.
The ancient zyme is moderately damaged.
The ancient zyme closely misses you. The ancient zyme hits you.
You barely miss the ancient zyme.
The ancient zyme is moderately damaged.
The ancient zyme hits you.
* * * LOW HITPOINT WARNING * * *
The ancient zyme barely misses you.
You hit the ancient zyme but do no damage.
The ancient zyme is moderately damaged.
You hit the ancient zyme. You freeze the ancient zyme.
The ancient zyme is moderately damaged.
The ancient zyme barely misses you. The ancient zyme hits you!
* * * LOW HITPOINT WARNING * * *
Read which item? (? for menu, Esc to quit)
As you read the scroll labeled FELUNU AN QUKA, it crumbles to dust.
You feel momentarily disoriented.
It was a scroll of magic mapping.
The ancient zyme hits you!
You die...
Xom thinks this is hilarious!

≈. ### ≈.##
... ≈#.## #.#
#.... ...
#.x##.#. .. #
## #@..#. #.
.# #..#....#
#...
#...#.##..# #
## #..#...#..#
## .#...
...##.#.#...##
##...#. #..
#..###.##....#
. #. ..#.#.
#.#... # # ) .
... ##..##.# .
#.##
.....##.#....
#


You could see an ancient zyme.

Vanquished Creatures
  A gnoll (D:1)
  A dart slug (D:1)
  4 giant cockroaches (D:1)
  7 goblins (D:1)
  5 hobgoblins
  2 jackals (D:2)
  4 kobolds
  A ball python (D:1)
  6 bats (D:1)
  6 giant newts
  4 rats
41 creatures vanquished.

Vanquished Creatures (collateral kills)
  An ice beast (D:1)
  2 goblins (D:1)
  A hobgoblin (D:1)
4 creatures vanquished.

Vanquished Creatures (others)
  An adder (D:1)
  A hobgoblin (D:1)
  3 jackals (D:1)
  A kobold (D:1)
  2 bats (D:1)
  A giant newt (D:1)
  2 rats (D:1)
  A fungus (D:1)
  A plant (D:2)
13 creatures vanquished.

Grand Total: 58 creatures vanquished

Notes
Turn   | Place    | Note
--------------------------------------------------------------
     0 | D:1      | M4edhros the Mummy Chaos Knight began the quest for the Orb.
     0 | D:1      | Reached XP level 1. HP: 18/18 MP: 1/1
   484 | D:1      | XOM: divination: detect items
   795 | D:1      | XOM: 1-stop teleportation journey
  1486 | D:1      | XOM: 9-stop teleportation journey
  1828 | D:1      | XOM: 2-stop teleportation journey
  2226 | D:1      | XOM: scenery: create altars
  2454 | D:1      | XOM: 2-stop teleportation journey
  2690 | D:1      | XOM is BORED!
  2690 | D:1      | XOM: mild Air miscast
  2811 | D:1      | Noticed an ice beast
  2813 | D:1      | XOM: cast spell 'Summon Small Mammal'
  2837 | D:1      | XOM: confuse monster(s)
  2842 | D:1      | Reached XP level 2. HP: 24/24 MP: 2/2
  2847 | D:1      | Killed an ice beast
  2847 | D:1      | Reached skill level 3 in Polearms
  2847 | D:1      | Reached XP level 3. HP: 29/29 MP: 3/3
  2850 | D:1      | XOM: scenery: create altars
  3125 | D:1      | XOM: god gift: 37 gold pieces
  3134 | D:1      | XOM: 5-stop teleportation journey
  3209 | D:1      | Reached skill level 4 in Polearms
  3507 | D:1      | Reached XP level 4. HP: 31/35 MP: 4/4
  3579 | D:1      | XOM: cast spell 'Summon Mana Viper'
  3915 | D:1      | XOM: harmless Chrm miscast
  4425 | D:1      | XOM: colour smoke trail
  4669 | D:1      | XOM: harmless Erth miscast
  4723 | D:1      | XOM: god gift: 21 stones
  5148 | D:1      | XOM: scenery: create altars
  5177 | D:1      | XOM: colour smoke trail
  5367 | D:1      | XOM: vitrification
  5873 | D:1      | XOM: scenery: create altars
  6054 | D:1      | XOM: harmless Hex miscast
  6148 | D:1      | XOM is BORED!
  6148 | D:1      | XOM: mild Trmt miscast
  6182 | D:1      | XOM: cast spell 'Summon Butterflies'
  6740 | D:1      | XOM: harmless Chrm miscast
  6844 | D:1      | Noticed a deep elf mage
  7065 | D:2      | XOM: god gift: 19 gold pieces
  7196 | D:2      | XOM: mild Summ miscast
  7488 | D:2      | XOM: god gift: 54 gold pieces
  7826 | D:2      | Found a faded altar to an unknown god.
  7978 | D:2      | XOM: god gift: glowing inky potion
  8713 | D:2      | XOM is BORED!
  8713 | D:2      | XOM: mild Fire miscast
  9362 | D:2      | XOM: silly message
  9816 | D:2      | XOM: 1-stop teleportation journey
 10078 | D:2      | XOM: vitrification
 10460 | D:2      | XOM: severe Summ miscast
 10460 | D:2      | Cast into level 1 of the Abyss (the severe capriciousness of Xom)
 10504 | Abyss:1  | Noticed an ancient zyme
 10517 | Abyss:1  | Mangled by an ancient zyme

Vault maps used:
D:1:      dpeg_cavernosity, lemuel_old_faithful
D:2:      grunt_temple_overflow_diamond, ecumenical_altar_1, first_bread,
          serial_bayou_ford_a, minmay_misc_feat_x, minmay_shallow_snake_nest

Skill      XL: |  1  2  3 |
---------------+----------+-----
Polearms       | 3 4 |  4.4
Fighting       | |  3.0
Armour         | |  1.5
Dodging        | |  0.7

Action                   |  1- 3 |  4- 6 || total
-------------------------+-------+-------++-------
Melee: Spear             |    66 |    87 ||   153
  Use: Scroll            |       |     2 ||     2
 Stab: Sleeping          |     1 |       ||     1
Armor: Leather armour    |    16 |    24 ||    40
Dodge: Dodged            |    25 |    55 ||    80
